Map: Ruby Rock LE

Players

Kimchi - Winner!

  • Race: Terran Terran
  • League: Diamond
  • Spawn Location: 5:00

A.I. 1 (Elite)

  • Race: Protoss Protoss
  • Spawn Location: 11:00

VOD

Have the link to the VOD?

Description

Time

  • Played on: April 25, 2026, 10:40 a.m.
  • Length: 9:41
Show
View Real Time Build Order
Export as new Build Order

Kimchi Terran - Winner!

Build Orders:  

Get SALT Encoding   

  12  0:00  SCV  
  13  0:13  SCV  
  14  0:18  Supply Depot  
  14  0:25  SCV  
  15  0:40  SCV  
  15  0:41  Barracks  
  16  0:47  Refinery  
  16  0:52  SCV  
  17  1:04  SCV  
  18  1:16  SCV  
  19  1:28  Orbital Command  
  19  1:30  Barracks Tech Lab  
  19  1:49  Marauder, Concussive Shells  
  21  1:55  SCV  
  22  2:01  Command Center  
  22  2:03  Supply Depot  
  23  2:15  SCV  
  23  2:22  Barracks  
  23  2:24  Marauder  
  23  2:27  Barracks  
  25  2:34  SCV  
  26  2:37  Stimpack  
  26  2:45  Marine  
  26  2:47  SCV, Supply Depot  
  28  2:59  SCV  
  29  3:07  Marine, Refinery  
  29  3:10  Barracks Reactor  
  30  3:13  Barracks Tech Lab  
  30  3:18  SCV  
  30  3:19  Orbital Command  
  31  3:24  Marine  
  31  3:26  Supply Depot  
  32  3:31  SCV  
  33  3:35  Marine  
  33  3:39  Combat Shield  
  34  3:42  Marine  
  34  3:43  SCV  
  34  3:47  Marine x2  
  38  3:50  SCV  
  38  3:53  Marine  
  40  3:55  SCV  
  40  3:59  Factory  
  40  4:00  Marine  
  40  4:02  SCV  
  43  4:05  Marine  
  43  4:06  Marine  
  43  4:07  SCV  
  46  4:11  Engineering Bay  
  46  4:20  SCV x2, Marine  
  46  4:21  Marine  
  46  4:23  Marine  
  51  4:29  Refinery, Marine  
  52  4:32  SCV x2  
  52  4:38  Terran Infantry Weapons Level 1, Marine  
  54  4:39  Marine  
  54  4:41  Marine  
  54  4:43  Supply Depot  
  54  4:44  SCV  
  58  4:47  Starport  
  58  4:49  Factory Reactor  
  58  4:52  SCV  
  59  4:58  Supply Depot  
  59  5:01  Marine x3  
  59  5:04  Marine  
  59  5:05  SCV  
  64  5:08  Supply Depot  
  64  5:10  SCV  
  65  5:14  Supply Depot  
  65  5:21  SCV  
  66  5:22  SCV  
  67  5:32  Command Center  
  67  5:35  Marine x2  
  67  5:36  Marine x2  
  67  5:39  Medivac  
  67  5:41  Medivac  
  70  5:53  Marine x2  
  55  6:05  Marine x2  
  55  6:11  Marine x2, Supply Depot  
  57  6:13  Supply Depot  
  57  6:17  Medivac x2  
  63  6:21  SCV  
  63  6:22  Barracks  
  63  6:23  Barracks  
  63  6:25  SCV  
  65  6:27  Supply Depot, Marine x2  
  65  6:29  Marine x2  
  65  6:32  Terran Infantry Armor Level 1  
  69  6:33  SCV  
  69  6:37  SCV  
  71  6:45  Marine x2  
  71  6:46  Marine  
  71  6:47  Marine  
  73  6:48  Widow Mine, SCV  
  73  6:49  SCV  
  73  6:51  Refinery  
  79  6:54  Liberator  
  79  6:55  Liberator  
  86  7:01  SCV  
  86  7:02  Armory  
  86  7:03  Marine x2  
  86  7:04  Marine  
  86  7:05  Marine  
  90  7:10  Orbital Command  
  90  7:21  Marine x2  
  90  7:22  Marine  
  93  7:23  Barracks Tech Lab  
  93  7:24  Barracks Reactor  
  93  7:29  SCV, Engineering Bay  
  95  7:30  SCV, Marine  
  96  7:39  Marine x2  
  96  7:40  Marine  
  96  7:41  Liberator, SCV  
  96  7:42  Medivac  
  105  7:47  SCV  
  105  7:48  SCV, Marine  
  108  7:52  Marauder  
  108  7:53  SCV  
  108  7:56  Marine x2  
  108  7:58  Supply Depot, Marine  
  114  7:59  SCV  
  115  8:06  Marine  
  113  8:13  Marauder  
  113  8:14  Marine x2  
  113  8:16  Marine x3  
  120  8:24  Marine  
  121  8:32  Marine x2  
  121  8:33  Marine  
  121  8:34  Marine x2  
  115  8:35  Marauder  
  118  8:42  Marine  
  117  8:50  Marauder  
  117  8:51  Marauder, Marine  
  117  8:52  Marine x2  
  123  8:56  Marauder  
  123  9:00  Marine  
  122  9:05  Medivac x2  
  122  9:09  Marine x2  
  127  9:10  Marine  
  127  9:12  Marauder x2  
  133  9:17  Marine x2  
  141  9:40  Command Center  
Show
View Real Time Build Order
Export as new Build Order

A.I. 1 (Elite) Protoss 

Build Orders: 1 Gate Expand, Zealot Archon, Colossus Rush 

Get SALT Encoding   

  12  0:00  Probe  
  13  0:13  Probe  
  14  0:20  Pylon  
  14  0:25  Probe  
  15  0:34  Probe  
  15  0:42  Probe  
  17  0:51  Gateway  
  17  0:52  Probe  
  18  1:00  Probe  
  19  1:16  Probe  
  19  1:17  Nexus  
  20  1:28  Probe  
  21  1:35  Pylon  
  21  1:38  Zealot  
  23  1:45  Cybernetics Core  
  23  1:49  Assimilator  
  23  1:53  Probe  
  24  2:02  Probe  
  25  2:10  Probe  
  26  2:19  Probe  
  26  2:21  Pylon  
  27  2:23  Warp Gate  
  27  2:25  Probe  
  28  2:31  Probe  
  28  2:33  Gateway  
  29  2:38  Probe  
  29  2:41  Assimilator  
  30  2:47  Stalker  
  32  2:53  Probe  
  32  2:55  Pylon  
  32  2:56  Probe  
  34  3:06  Probe  
  34  3:08  Probe  
  36  3:12  Adept  
  38  3:20  Probe, Adept  
  38  3:21  Probe  
  42  3:28  Robotics Facility  
  42  3:32  Probe  
  42  3:33  Probe  
  44  3:37  Adept  
  44  3:44  Probe  
  44  3:45  Probe  
  44  3:48  Adept  
  50  3:56  Probe  
  50  3:57  Probe  
  50  4:02  Pylon  
  52  4:07  Adept  
  52  4:08  Probe  
  52  4:09  Probe  
  56  4:17  Robotics Bay  
  56  4:19  Pylon  
  56  4:20  Probe  
  56  4:23  Adept  
  59  4:26  Observer  
  59  4:28  Probe  
  59  4:30  Pylon  
  61  4:32  Probe  
  62  4:39  Gateway  
  62  4:47  Robotics Facility  
  62  4:54  Stalker  
  62  4:58  Pylon  
  62  4:59  Zealot  
  66  5:14  Pylon  
  66  5:17  Stalker  
  66  5:19  Zealot  
  70  5:31  Gateway  
  70  5:32  Zealot  
  70  5:34  Zealot  
  74  5:35  Colossus  
  80  5:45  Probe x2, Zealot  
  80  5:46  Pylon  
  78  5:50  Zealot  
  78  5:54  Zealot  
  76  6:02  Twilight Council  
  74  6:04  Assimilator  
  74  6:07  Forge, Nexus  
  74  6:09  Assimilator  
  74  6:27  Forge, Probe  
  74  6:32  Probe  
  76  6:36  Probe  
  77  6:40  Pylon  
  77  6:44  Probe  
  77  6:45  Templar Archives  
  78  6:54  Stalker, Zealot  
  78  7:01  Photon Cannon  
  82  7:03  Pylon, Sentry  
  82  7:07  Warp Prism  
  82  7:08  Stalker  
  88  7:17  Probe  
  88  7:19  Probe  
  88  7:20  Probe  
  88  7:22  High Templar x2  
  95  7:25  Probe  
  95  7:26  Assimilator  
  95  7:27  Pylon, Stalker  
  95  7:29  Archon, Zealot, Photon Cannon  
  100  7:31  Photon Cannon  
  100  7:32  Probe x2  
  100  7:34  Assimilator, Probe  
  102  7:44  Probe x2, Zealot  
  104  7:46  Probe  
  104  7:51  High Templar, Zealot  
  110  7:55  High Templar  
  110  7:56  Probe  
  110  7:58  Photon Cannon, Probe  
  115  7:59  Probe  
  115  8:00  Pylon  
  115  8:04  Stalker  
  115  8:05  Zealot  
  121  8:08  Probe  
  121  8:10  Pylon, Probe  
  121  8:12  Pylon  
  107  8:20  Probe  
  107  8:22  Probe  
  107  8:23  Stalker  
  107  8:25  High Templar  
  88  8:28  Sentry  
  88  8:32  Probe, Zealot  
  88  8:33  Stalker  
  88  8:34  Zealot, Sentry, High Templar, Probe  
  61  8:44  Probe x2  
  61  8:47  Nexus  
  53  8:49  Zealot  
  53  8:54  High Templar  
  52  8:56  Probe  
  24  9:24  Pylon, High Templar  
  24  9:27  Pylon  
Tags
 
Composition
Zealot Archon
League
Diamond
Matchup
PvT
Spawn Locations
Cross Positions
Add a new tag
Caveats
  • Supply blocks, unpowered buildings, or Contaminate may cause inaccurate times.
  • Supply counts are checked every 10 seconds.